 Dungeon Crawl Stone Soup version 0.21-a0-404-g291f19a (webtiles) character file.

1310 Gealt the Magician (level 8, -8/37 HPs)
             Began as a Spriggan Conjurer on Oct 27, 2017.
             Was a Follower of Vehumet.
             Shot with an arrow by a centaur (11 damage)
             ... on level 5 of the Dungeon.
             The game lasted 00:34:26 (7186 turns).

Gealt the Magician (Spriggan Conjurer)              Turns: 7186, Time: 00:34:27

Health: -8/37      AC:  2    Str:  4    XL:     8   Next: 32%
Magic:  1/20       EV: 20    Int: 19    God:    Vehumet [*.....]
Gold:   228        SH:  0    Dex: 16    Spells: 16/22 levels left

rFire    . . .     SeeInvis +   w - +0 dagger
rCold    . . .     Gourm    .   (shield restricted)
rNeg     . . .     Faith    .   n - +0 robe
rPois    .         Spirit   .   (helmet restricted)
rElec    .         Reflect  .   (no cloak)
rCorr    .         Harm     .   (gloves unavailable)
MR       +....                  (boots unavailable)
Stlth    +++.......             (no amulet)
HPRegen  0.12/turn              (no ring)
MPRegen  0.17/turn              (no ring)

@: very quick
A: unfitting armour, see invisible, herbivore 3, speed 3, slow metabolism 2
a: Renounce Religion


You were on level 5 of the Dungeon.
You worshipped Vehumet.
Vehumet was aware of your devotion.
You were not hungry.

You visited 1 branch of the dungeon, and saw 5 of its levels.

You collected 228 gold pieces.

Inventory:

Hand Weapons
 w - a +0 dagger (weapon)
Missiles
 o - 49 arrows
 y - 6 curare-tipped needles
Armour
 f - a +0 animal skin
 n - a +0 robe (worn)
Jewellery
 G - a +4 ring of dexterity {unknown}
Wands
 u - a wand of acid (4/15)
Scrolls
 d - 2 scrolls of remove curse
 g - a scroll of teleportation
 h - a scroll of blinking {unknown}
 k - a scroll of enchant weapon {unknown}
 l - a scroll of random uselessness {unknown}
 m - a scroll of fog {unknown}
 s - a scroll of amnesia {unknown}
 t - a scroll of magic mapping {unknown}
 v - a scroll of enchant armour {unknown}
 x - a scroll of recharging {unknown}
 C - 3 scrolls of identify
Potions
 a - a potion of ambrosia
 e - a potion of mutation
 i - a potion of cancellation
 j - 2 potions of magic
 p - 3 potions of curing
 q - a potion of agility {unknown}
 r - 2 potions of might {unknown}
 z - 2 potions of invisibility {unknown}
 A - a potion of degeneration {unknown}
 D - a potion of lignification {unknown}
Books
 b - a book of Conjurations

   Spells                             Type                      Level
   a - Magic Dart                     Conjuration                  1
   b - Searing Ray                    Conjuration                  2
   c - Dazzling Spray                 Conjuration/Hexes            3
   d - Fulminant Prism                Conjuration/Hexes            4
   e - Force Lance                    Conjuration/Translocation    4
   f - Iskenderun's Mystic Blast      Conjuration                  4
 F - a book of Minor Magic

   Spells                             Type                      Level
   a - Magic Dart                     Conjuration                  1
   b - Blink                          Translocation                2
   c - Call Imp                       Summoning                    2
   d - Slow                           Hexes                        2
   e - Conjure Flame                  Conjuration/Fire             3
   f - Mephitic Cloud                 Conjuration/Poison/Air       3
Comestibles
 c - 3 bread rations
 B - 3 fruits
 E - 2 royal jellies


   Skills:
 + Level 0.6 Fighting
 + Level 1.0 Short Blades
 + Level 5.1 Dodging
 + Level 5.2 Stealth
 + Level 0.1 Unarmed Combat
 + Level 7.8 Spellcasting
 + Level 5.8 Conjurations
 + Level 1.3 Hexes


You had 16 spell levels left.
You knew the following spells:

 Your Spells              Type           Power        Failure   Level  Hunger
a - Magic Dart            Conj           ####         1%          1    None
b - Searing Ray           Conj           ####..       1%          2    None
c - Dazzling Spray        Conj/Hex       ###...       6%          3    #......


Dungeon Overview and Level Annotations

Branches:
Dungeon (5/15)
 Temple: D:4-7

Altars:
Dithmenos
Elyvilon
Kikubaaqudgha
Nemelex Xobeh
Trog
Vehumet
Wu Jian
Xom
Zin
The Shining One

Shops:
D:4 =


Innate Abilities, Weirdness & Mutations

You are very small and have problems with some larger weapons.
You are too small for most types of armour.
You have supernaturally acute eyesight. (SInv)
You are a herbivore.
You cover ground extremely quickly.
You need consume almost no food.


Message History

The centaur closely misses you. The centaur misses you.
You hit the centaur.
The centaur is heavily wounded.
The centaur hits you with an uncursed whip!
Casting: Dazzling Spray
Confirm with . or Enter, or press ? or * to list all spells.
Aiming: Magic Dart
Press: ? - help, Shift-Dir - straight line, f/p - centaur
Aim: a centaur, wielding a whip (heavily wounded)
The magic dart hits the centaur.
The centaur is severely wounded.
The centaur closely misses you. The centaur barely misses you.
The centaur unwields an uncursed whip.
The centaur wields an uncursed shortbow.
The centaur shoots an arrow.
The arrow hits you!
* * * LOW HITPOINT WARNING * * *
You see here an arrow.
The centaur shoots an arrow.
The arrow closely misses you.
The centaur shoots an arrow.
The arrow hits you!
You die...

...# #....#.....(.....#
...# ######....)(.....#
....# ##'##(#.....#.
....# #.....†.......
....########.....c#......
.................(#......
..................#c.....
........(.........# [....
................@.# .....
..................# .
.#..............>.#
...<..#'###......(#
....#.#.# #...#####
.####.#.# #.....
......#.....#.#.
############ ..


You could see a centaur.

Vanquished Creatures
  Grinder (D:3)
  Menkaure (D:4)
  2 ogres
  A phantom (D:4)
  2 scorpions
  The ghost of heh the Skirmisher, a weakling DsAK of Lugonu (D:3)
  A crimson imp (D:5)
  A centaur zombie (D:5)
  5 orc wizards
  Jessica (D:2)
  An iguana (D:4)
  A worker ant (D:5)
  Terence (D:3)
  Robin (D:3)
  7 adders
  4 gnolls (D:4)
  3 oozes
  5 worms
  3 dart slugs (D:2)
  3 leopard geckos
  27 orcs
  8 giant cockroaches
  19 goblins
  12 hobgoblins
  4 jackals
  9 kobolds
  A quokka (D:2)
  A ball python (D:3)
  7 bats
  7 frilled lizards
  A quokka skeleton (D:5)
  8 rats
149 creatures vanquished.

Notes
Turn   | Place    | Note
-------+----------+-------------------------------------------
     0 | D:1      | Gealt the Spriggan Conjurer began the quest for the Orb.
     0 | D:1      | Reached XP level 1. HP: 9/9 MP: 5/5
   434 | D:1      | Reached XP level 2. HP: 13/13 MP: 3/6
  1008 | D:2      | Reached XP level 3. HP: 16/16 MP: 2/8
  1091 | D:2      | Noticed Jessica
  1094 | D:2      | Killed Jessica
  1094 | D:2      | Reached skill level 3 in Spellcasting
  1376 | D:2      | Reached XP level 4. HP: 21/21 MP: 6/9
  1542 | D:2      | Learned a level 2 spell: Searing Ray
  1546 | D:2      | Learned a level 3 spell: Dazzling Spray
  2053 | D:2      | Found a sparkling altar of Nemelex Xobeh.
  2366 | D:3      | Reached skill level 4 in Spellcasting
  2366 | D:3      | Reached XP level 5. HP: 24/24 MP: 6/12
  2382 | D:3      | Noticed heh's ghost (weakling DsAK)
  2685 | D:3      | Killed heh's ghost
  3172 | D:3      | Found a radiant altar of Vehumet.
  3176 | D:3      | Noticed Grinder
  3184 | D:3      | Noticed Terence
  3188 | D:3      | Became a worshipper of Vehumet
  3203 | D:3      | Killed Terence
  3203 | D:3      | Reached XP level 6. HP: 27/28 MP: 1/14
  3376 | D:3      | Paralysed by Grinder for 5 turns
  3390 | D:3      | Paralysed by Grinder for 4 turns
  3723 | D:3      | Killed Grinder
  3723 | D:3      | Reached skill level 5 in Spellcasting
  3889 | D:3      | Found a bloodstained altar of Trog.
  3954 | D:3      | Noticed Robin
  4080 | D:3      | Killed Robin
  4318 | D:3      | Found a white marble altar of Elyvilon.
  4371 | D:3      | Found an ornate altar of the Wu Jian Council.
  4514 | D:4      | Reached XP level 7. HP: 32/32 MP: 8/16
  4701 | D:4      | Noticed Menkaure
  4824 | D:4      | Killed Menkaure
  4824 | D:4      | Reached skill level 6 in Spellcasting
  4824 | D:4      | Reached skill level 5 in Conjurations
  5001 | D:4      | Found a shimmering altar of Xom.
  5046 | D:4      | Found a glowing golden altar of the Shining One.
  5075 | D:4      | Reached skill level 1 in Short Blades
  5362 | D:4      | Reached * piety under Vehumet
  5362 | D:4      | Offered knowledge of Sandblast by Vehumet.
  5606 | D:4      | Found Jeckemop's Jewellery Emporium.
  5618 | D:4      | Reached skill level 5 in Stealth
  5618 | D:4      | Reached skill level 1 in Hexes
  6125 | D:4      | Found a glowing silver altar of Zin.
  6279 | D:5      | Entered Level 5 of the Dungeon
  6593 | D:5      | Reached skill level 5 in Dodging
  6593 | D:5      | Reached XP level 8. HP: 32/37 MP: 9/19
  6625 | D:5      | Reached skill level 7 in Spellcasting
  7064 | D:5      | Found a shadowy altar of Dithmenos.
  7071 | D:5      | Found an ancient bone altar of Kikubaaqudgha.
  7186 | D:5      | Shot with an arrow by a centaur

Vault maps used:
D:1:      grunt_arrival_lava_bath, grunt_decor_one_mirror
D:2:      first_bread, st_stairs_9, nemelex_dance_club_becter, uniq_jessica
D:3:      lemuel_round_altar, lightli_temple_of_fire, old_standard_altar,
          marbit_many_paths, uniq_grinder, uniq_terence, uniq_robin
D:4:      old_standard_altar, kennysheep_mini_moat, serial_shops, shop, tgw_xom,
          uniq_menkaure
D:5:      tgw_sif, lemuel_coloured_pillars_altar,
          amethyst_overflow_temple_binary

Skill      XL: |  1  2  3  4  5  6  7  8 |
---------------+-------------------------+-----
Conjurations   | 3 4 5 |  5.8
Spellcasting   | 3 4 5 6 7 |  7.8
Stealth        | 4 5 |  5.2
Dodging        | 4 5 |  5.1
Short Blades   | 1 |  1.0
Hexes          | 1 |  1.3
Fighting       | |  0.6
Unarmed Combat | |  0.1

Action                   |  1- 3 |  4- 6 |  7- 9 || total
-------------------------+-------+-------+-------++-------
Melee: Unarmed           |       |    10 |       ||    10
       Dagger            |       |    18 |    40 ||    58
 Cast: Magic Dart        |    55 |   114 |   180 ||   349
       Searing Ray       |       |    25 |     9 ||    34
       Dazzling Spray    |       |     4 |     7 ||    11
  Use: Scroll            |       |     8 |       ||     8
 Stab: Invisible         |       |     1 |       ||     1
  Eat: Bread ration      |       |     1 |       ||     1
Armor: Robe              |     1 |     6 |     1 ||     8
Dodge: Dodged            |     5 |    83 |    72 ||   160

Table legend:
 A = Spawn XP
 B = Non-spawn XP
 C = Spawn XP percentage of total XP
 D = Spawn monster count
 E = Non-spawn monster count
 F = Spawn count percentage of total count
 G = Total turns spent on level
                    A         B        C        D         E        F      G
               +---------+---------+-------+---------+---------+-------+---------
         Total |       0 |    1872 |   0.0 |       0 |     149 |   0.0 |  7186
               +---------+---------+-------+---------+---------+-------+---------
           D:1 |       0 |      22 |   0.0 |       0 |      13 |   0.0 |   964
           D:2 |       0 |     150 |   0.0 |       0 |      35 |   0.0 |  1907
           D:3 |       0 |     544 |   0.0 |       0 |      41 |   0.0 |  1628
           D:4 |       0 |     675 |   0.0 |       0 |      34 |   0.0 |  1780
           D:5 |       0 |     481 |   0.0 |       0 |      26 |   0.0 |   907
               +---------+---------+-------+---------+---------+-------+---------
